 Dungeon Crawl Stone Soup version 0.20-a0-983-g35de22d (webtiles) character file.

504 Ordine the Sneak (level 7, 0/55 HPs)
             Began as an Octopode Monk on Apr 10, 2017.
             Slain by an ogre
             ... wielding a +0 giant club
              (25 damage)
             ... on level 4 of the Dungeon.
             The game lasted 00:13:43 (4426 turns).

Ordine the Sneak (Octopode Monk)                    Turns: 4426, Time: 00:13:43

Health: 0/55       AC:  1    Str: 10    XL:     7   Next: 17%
Magic:  7/7        EV: 15    Int: 13    God:
Gold:   141        SH:  0    Dex: 14    Spells: 6/6 levels left

rFire    . . .     SeeInvis .   h - +0 dagger (venom)
rCold    . . .     Gourm    .   (no shield)
rNeg     . . .     Faith    .   (helmet restricted)
rPois    .         Spirit   .   (no amulet)
rElec    .         Reflect  .   o - ring of protection from magic
rCorr    .         Harm     .   (no ring)
MR       +....                  (no ring)
Stlth    +++++.....             (no ring)
Regen    0.2/turn               (no ring)
MPRegen  0.1/turn               (no ring)
                                (no ring)
                                (no ring)

@: no status effects
A: almost no armour, stealthy swim, amphibious, 8 rings, constrict 8, camouflage
1, blurry vision 1, deterioration 1, dopey 1, robust 1, gelatinous body 1
a: no special abilities


You were on level 4 of the Dungeon.
You were hungry.

You visited 1 branch of the dungeon, and saw 4 of its levels.

You collected 141 gold pieces.

Inventory:

Hand Weapons
 d - a +0 blowgun
 h - a +0 dagger of venom (weapon)
Missiles
 e - 5 poisoned needles
 j - 118 stones (quivered)
Jewellery
 o - a ring of protection from magic (left tentacle)
Wands
 p - a wand of enslavement (7/24)
 q - a wand of iceblast (8/15)
Scrolls
 c - 2 scrolls of blinking
 f - 2 scrolls of remove curse
 g - a scroll of enchant weapon
 i - a scroll of amnesia
 r - a scroll of recharging {unknown}
Comestibles
 a - 3 bread rations
 k - 3 royal jellies
 l - a meat ration
 n - 2 fruits


   Skills:
 + Level 5.4 Fighting
 - Level 4.0 Dodging
 + Level 7.6 Stealth
 * Level 4.9 Unarmed Combat


You had 6 spell levels left.
You didn't know any spells.

Dungeon Overview and Level Annotations

Branches:
Dungeon (4/15)
 Temple: D:4-7

Altars:
Elyvilon
Sif Muna
Uskayaw
Xom
Zin


Innate Abilities, Weirdness & Mutations

You cannot wear most types of armour.
You are very stealthy in the water. (Stealth+)
You are amphibious.
You can wear up to eight rings at the same time.
You can use your tentacles to constrict eight enemies at once.
Your skin changes colour to match your surroundings (Stealth+).
Your rubbery body absorbs attacks. (AC +1, EV +1)
Scrolls take you a little longer to read.
Your body sometimes deteriorates upon taking damage.
You are dopey. (Int -2)
You are robust. (+10% HP)


Message History

You kill the gnoll!
No target in view!
No target in view!
j - 118 stones (gained 1)
Found a stone staircase leading down.
An ogre comes into view. It is wielding a giant club.
The ogre shouts!
The ogre closely misses you.
You closely miss the ogre. You squeeze the ogre.
The ogre is moderately wounded.
You hit the ogre.
The ogre is poisoned.
The ogre is moderately wounded.
The ogre hits you with a giant club!!
Ouch! That really hurt!
You are too injured to fight recklessly!
You are too injured to fight recklessly!
You hit the ogre.
The ogre is moderately wounded.
The ogre hits you with a giant club!!
You die...

##............#
#.##.##......# #
... #.######
.#####.####
#...>......#
#.###.####.#####
#. #......# .
#..###.##.# ##
#....@O...#
#...##.####
.......# .#
####.... .#
########


You could see an ogre.

Vanquished Creatures
  An ogre (D:3)
  The ghost of asdguy00 the Firebug, an amateur DrFE (D:3)
  2 hounds (D:4)
  2 gnoll shamans (D:4)
  A worker ant (D:4)
  8 gnolls (D:4)
  4 adders
  2 oozes (D:1)
  3 worms
  6 leopard geckos
  An orc (D:3)
  5 giant cockroaches
  5 goblins
  7 hobgoblins
  4 jackals (D:3)
  7 kobolds
  A quokka (D:3)
  4 bats
  7 frilled lizards
  8 rats
79 creatures vanquished.

Notes
Turn   | Place    | Note
-------+----------+-------------------------------------------
     0 | D:1      | Ordine the Octopode Monk began the quest for the Orb.
     0 | D:1      | Reached XP level 1. HP: 17/17 MP: 1/1
   244 | D:1      | Reached skill level 1 in Unarmed Combat
   351 | D:1      | Reached XP level 2. HP: 22/22 MP: 2/2
   393 | D:1      | You fall through a shaft!
   840 | D:2      | Reached XP level 3. HP: 27/27 MP: 3/3
   862 | D:2      | Found a glowing silver altar of Zin.
   864 | D:2      | Noticed an angel
   866 | D:2      | Found a shimmering altar of Xom.
  1689 | D:2      | Found a deep blue altar of Sif Muna.
  1926 | D:2      | Reached XP level 4. HP: 34/34 MP: 4/4
  2541 | D:3      | Noticed an ogre
  2546 | D:3      | Noticed asdguy00's ghost (amateur DrFE)
  2845 | D:3      | Reached skill level 6 in Stealth
  3132 | D:3      | Killed asdguy00's ghost
  3132 | D:3      | Reached XP level 5. HP: 35/38 MP: 5/5
  3337 | D:3      | Found a white marble altar of Elyvilon.
  3337 | D:3      | Found a hide-covered altar of Uskayaw.
  3465 | D:3      | Killed an ogre
  3465 | D:3      | Reached skill level 5 in Fighting
  3465 | D:3      | Reached XP level 6. HP: 22/45 MP: 6/6
  3716 | D:4      | Reached skill level 7 in Stealth
  3743 | D:4      | Reached XP level 7. HP: 19/50 MP: 7/7
  3970 | D:4      | Gained mutation: You are dopey. (Int -2) [potion of mutation]
  3970 | D:4      | Gained mutation: Your body sometimes deteriorates upon taking damage. [potion of mutation]
  3970 | D:4      | Gained mutation: Scrolls take you a little longer to read. [potion of mutation]
  3970 | D:4      | Gained mutation: You are robust. (+10% HP) [potion of mutation]
  3993 | D:4      | HP: 2/55 [poisoned by a worker ant]
  4019 | D:3      | HP: 2/55 [jackal (3)]
  4426 | D:4      | Slain by an ogre

Vault maps used:
D:1:      minmay_arrival_jagged, st_stairs_10
D:2:      grunt_temple_overflow_order_and_chaos_1,
          nicolae_overflow_crystal_walls, serial_glass, glass_columns_a,
          glass_columns_c
D:3:      gammafunk_temple_overflow_pools
D:4:      grunt_qazlal_clouds, kennysheep_mini,
          minmay_temple_entry_glassed_door, first_bread, grunt_decor_one_mirror,
          ashenzari_altar_1

Skill      XL: |  1  2  3  4  5  6 |
---------------+-------------------+-----
Unarmed Combat | 1 2 3 4 |  4.9
Stealth        | 6 7 |  7.6
Fighting       | 5 |  5.4
Dodging        | |  4.0

Action                   |  1- 3 |  4- 6 |  7- 9 || total
-------------------------+-------+-------+-------++-------
Melee: Unarmed           |     9 |     4 |       ||    13
       Tentacles         |     8 |    18 |     9 ||    35
       Dagger            |    51 |    94 |    36 ||   181
       Constrict         |     7 |    20 |    11 ||    38
       Punch             |       |     3 |       ||     3
Throw: Stone             |     2 |     2 |     1 ||     5
  Use: Scroll            |     9 |     2 |       ||    11
       Potion            |       |     5 |     2 ||     7
 Stab: Sleeping          |    12 |     6 |       ||    18
       Distracted        |     1 |       |       ||     1
  Eat: Chunk             |     3 |     6 |     1 ||    10
Armor: Skin              |     2 |    11 |     5 ||    18
Dodge: Dodged            |    28 |    59 |    41 ||   128
